 Dungeon Crawl Stone Soup version 0.31.0-11-ge490571c62 (webtiles) character file.

Game seed: 5030907513186462600

68 Sobieck the Insei (level 4, 0/25 HPs)
             Began as a Vine Stalker Monk on Jan 29, 2024.
             Slain by Ijyb
             ... wielding a +0 club
              (3 damage)
             ... on level 3 of the Dungeon.
             The game lasted 00:02:34 (1819 turns).

Sobieck the Insei (Vine Stalker Monk)               Turns: 1819, Time: 00:02:35

Health: 0/25       AC:  2    Str: 14 (16) XL:     4   Next: 19%
Magic:  0/5        EV:  9    Int:  9 (10) God:
Gold:   63         SH:  0    Dex: 14 (16) Spells: 3/3 levels left

rFire   . .          .
                       - Unarmed
rCold   . . .        c - orb {light}
rNeg    . . .        a - +0 robe
rPois   .            (no helmet)
rElec   .            (no cloak)
rCorr   .            (no gloves)
SInv    .            (no boots)
Will    .....        (no amulet)
Stlth   +            (no ring)
HPRegen 1.04/turn    (no ring)
MPRegen 0.09/turn

%: guardian spirit
@: grasped by roots, glowing, constricted
A: fangs 2, regeneration 1, magic shield, antimagic bite, no potion heal 2
a: no special abilities


You were on level 3 of the Dungeon.
You visited 1 branch of the dungeon, and saw 3 of its levels.

You collected 63 gold pieces.

Inventory:

Hand Weapons
 b - a +0 sling
Missiles
 j - 6 stones (quivered)
 k - 11 poisoned darts
Armour
 a - a +0 robe (worn)
 c - an orb of light (worn)
Talismans
 n - a blade talisman
Scrolls
 e - a scroll of revelation {unknown}
 g - 2 scrolls of teleportation {unknown}
 h - a scroll of immolation {unknown}
 m - a scroll of fog {unknown}
 o - a scroll of amnesia {unknown}
 q - a scroll of butterflies {unknown}
Potions
 d - 2 potions of degeneration
 f - a potion of curing {unknown}
 i - a potion of ambrosia
 l - a potion of attraction {unknown}
 p - a potion of lignification {unknown}


   Skills:
 + Level 3.6 Fighting
 - Level 2.4 Dodging
 * Level 4.1 Unarmed Combat


You had 3 spell levels left.
You didn't know any spells.
Your spell library contained the following spells:

 Spells                   Type           Power      Damage    Failure   Level
 Haunt                    Necr/Summ      0%         N/A       100%        7
 Borgnjor's Revivificati  Necr           0%         N/A       100%        8
 Death's Door             Necr           0%         N/A       100%        9


Dungeon Overview and Level Annotations

Branches:
Dungeon (3/15)

Altars:

Annotations:
D:3 1 transporter, Ijyb


Innate Abilities, Weirdness & Mutations

You have extremely sharp teeth.
Your natural rate of healing is unusually fast.
When hurt, damage is shared between your health and your magic reserves.
Your bite disrupts and absorbs the magic of your enemies.
Potions cannot restore your health.


Message History

You see here a scroll labelled QESTUI JUROIB.
A kobold is nearby!
A kobold is nearby!
You hit the kobold.
You kill the kobold!
No target in view!
No target in view!
q - a scroll labelled QESTUI JUROIB Ijyb the Twisted Goblin comes into view.
She is wielding a +0 club and carrying a wand of roots.
Ijyb shouts!
Unknown command.
Unknown command.
Unknown command.
Unknown command.
You start waiting.
Ijyb is nearby!
Danger!
Unknown command.
Ijyb hits you with a +0 club.
Unknown command.
You closely miss Ijyb. Ijyb hits you with a +0 club.
* * * LOW HITPOINT WARNING * * *
You hit Ijyb.
Ijyb is lightly wounded.
Ijyb zaps a wand.
The roots erupt in riotous growth!
The grasping roots grab you!
Ijyb is unaffected.
The grasping roots constrict you.
* * * LOW HITPOINT WARNING * * *
Unknown command.
You barely miss Ijyb. You bite Ijyb, but do no damage.
Ijyb is lightly wounded.
Ijyb hits you with a +0 club.
* * * LOW HITPOINT WARNING * * *
The grasping roots constrict you.
* * * LOW HITPOINT WARNING * * *
Unknown command.
Okay, then.
Unknown command.
It was a potion of degeneration.
There was something very wrong with that liquid.
You feel weakened.
You feel dopey.
You feel clumsy. Ijyb hits you with a +0 club.
* * * LOW HITPOINT WARNING * * *
The grasping roots constrict you.
* * * LOW HITPOINT WARNING * * *
Unknown command.
You completely miss Ijyb. Your bite misses Ijyb.
Ijyb is lightly wounded.
Ijyb hits you with a +0 club.
You die...

#.#### .# ..##.. ..#
#.##.# #.# #.##.# #.# ####
#.##.##.####.###....
..##.##.##.##..........
........##.##.......... .
..##.###......g........ ..
#.#.......@#........
...####.#........#........
.................#........
..........................
........##..#.......##.:..
........##..#........#....
........##................
....................... ..
##.....................


You could see Ijyb.

Vanquished Creatures
  An adder (D:2)
  4 dart slugs
  5 bats
  3 endoplasms
  2 goblins
  5 hobgoblins
  7 jackals (D:1)
  7 kobolds
  A quokka (D:1)
  8 ball pythons
  3 frilled lizards (D:1)
  A rat (D:2)
47 creatures vanquished.

Notes
Turn   | Place    | Note
-------+----------+-------------------------------------------
     0 | D:1      | Sobieck the Vine Stalker Monk began the quest for the Orb.
     0 | D:1      | Reached XP level 1. HP: 11/11 MP: 2/2
    82 | D:1      | Reached XP level 2. HP: 16/16 MP: 1/3
    88 | D:1      | Reached skill level 3 in Fighting
   321 | D:1      | Reached XP level 3. HP: 20/20 MP: 2/4
   840 | D:2      | Found a faded altar of an unknown god.
  1264 | D:2      | Reached skill level 4 in Unarmed Combat
  1264 | D:2      | Reached XP level 4. HP: 25/25 MP: 3/5
  1747 | D:3      | Found a transporter.
  1806 | D:3      | Noticed Ijyb
  1819 | D:3      | Slain by Ijyb

Illustrated notes

Levels and vault maps discovered:
D:1:      sevenhm_arrival_forest_fort_small_4, layout_basic
D:2:      layout_basic, dreamdust_ecumenical_altar_statues, serial_rivers,
          chequers_serial_rivers_micro_a, chequers_serial_rivers_micro_b,
          chequers_serial_rivers_micro_d, chequers_serial_rivers_room_b
D:3:      layout_basic, gammafunk_ghost_stat_death, uniq_ijyb, uniq_sigmund

Skill      XL: |  1  2  3 |
---------------+----------+-----
Fighting       | 3 |  3.6
Unarmed Combat | 4 |  4.1
Dodging        | |  2.4

Action                     |  1- 3 |  4- 6 || total
---------------------------+-------+-------++-------
  Melee: Unarmed           |    90 |    14 ||   104
         Bite              |    21 |     4 ||    25
   Fire: Sling             |    12 |       ||    12
    Use: Potion            |       |     1 ||     1
 Armour: Robe              |    37 |     8 ||    45
  Dodge: Dodged            |    62 |     2 ||    64
